 Dungeon Crawl Stone Soup version 0.21.1-1-g345015f (webtiles) character file.

21252 theElss the Basher (level 12, -1/75 HPs)
             Began as a Gargoyle Berserker on Feb 12, 2018.
             Was the Champion of Trog.
             Killed from afar by a wizard (19 damage)
             ... with an orb of energy
             ... on level 13 of the Dungeon.
             The game lasted 00:39:20 (12130 turns).

theElss the Basher (Gargoyle Berserker)            Turns: 12130, Time: 00:39:21

Health: -1/75      AC: 22    Str: 24    XL:     12   Next: 88%
Magic:  12/12      EV: 12    Int:  8    God:    Trog [******]
Gold:   632        SH: 15    Dex: 11    Spells: 11/11 levels left

rFire    + . .     SeeInvis .   a - +4 morningstar (curse)
rCold    . . .     Gourm    .   h - +2 shield {rF+}
rNeg     + + .     Faith    +   r - +0 scale mail
rPois    ∞         Spirit   .   (no helmet)
rElec    +         Reflect  .   (no cloak)
rCorr    .         Harm     .   n - +1 pair of gloves
MR       ++...                  (no boots)
Stlth    +.........             J - amulet of faith
HPRegen  1.22/turn              F - ring of positive energy
MPRegen  0.13/turn              K - +3 ring of protection

@: regenerating
A: negative energy resistance 1, electricity resistance, unbreathing,
petrification resistance, rot immunity, AC +8
a: Berserk, Trog's Hand, Brothers in Arms, Burn Spellbooks, Renounce Religion


You were on level 13 of the Dungeon.
You worshipped Trog.
Trog was exalted by your worship.
You were hungry.

You visited 1 branch of the dungeon, and saw 13 of its levels.

You collected 632 gold pieces.

Inventory:

Hand Weapons
 a - a cursed +4 morningstar (weapon)
 b - a +0 hand crossbow
 u - a +0 whip of freezing
 Q - a cursed -1 morningstar
Missiles
 x - 83 bolts
Armour
 h - a +2 shield of fire resistance (worn)
 n - a +1 pair of gloves (worn)
 r - a +0 scale mail (worn)
Jewellery
 y - an uncursed ring of flight
 z - an uncursed amulet of guardian spirit
 D - an uncursed ring of fire
 F - a ring of positive energy (left hand)
 J - an amulet of faith (around neck)
 K - a +3 ring of protection (right hand)
 M - an uncursed ring of protection from magic {unknown}
 O - an uncursed ring of protection from fire {unknown}
Wands
 p - a wand of flame (57)
 B - a wand of enslavement (14)
 N - a wand of random effects (30)
Scrolls
 d - 7 scrolls of teleportation
 i - 3 scrolls of enchant armour
 j - 5 scrolls of remove curse
 l - a scroll of magic mapping
 m - a scroll of fog
 q - 2 scrolls of random uselessness {unknown}
 C - 3 scrolls of amnesia {unknown}
 H - a scroll of torment {unknown}
 I - 2 scrolls of noise {unknown}
 P - a scroll of immolation {unknown}
Potions
 e - 5 potions of curing
 f - 3 potions of degeneration {unknown}
 g - 6 potions of haste {unknown}
 k - a potion of invisibility {unknown}
 o - a potion of lignification {unknown}
 s - a potion of magic {unknown}
 t - a potion of ambrosia {unknown}
 v - 2 potions of mutation {unknown}
 w - a potion of brilliance {unknown}
 A - a potion of heal wounds {unknown}
 E - 2 potions of agility {unknown}
 L - 2 potions of cancellation {unknown}
 R - a potion of might
Books
 S - a book of Fire

   Spells                             Type                      Level
   a - Ignite Poison                  Fire/Transmutation/Poison    3
   b - Fireball                       Conjuration/Fire             5
   c - Bolt of Fire                   Conjuration/Fire             6
   d - Ring of Flames                 Charms/Fire                  7
   e - Ignition                       Fire                         8
   Trog disapproves of the use of such an item.
Comestibles
 c - 18 rations
 G - 3 chunks of flesh


   Skills:
 + Level 8.9 Fighting
 + Level 13.0 Maces & Flails
 * Level 1.2 Crossbows
 + Level 7.0 Armour
 + Level 5.1 Dodging
 + Level 2.5 Stealth
 * Level 12.7 Shields


You had 11 spell levels left.
You didn't know any spells.

Dungeon Overview and Level Annotations

Branches:
Dungeon (13/15)            Temple (0/1) D:4            Lair (0/6) D:8
    Orc (0/2) D:11
 Vaults: D:13-14

Altars:
Dithmenos
Fedhas
Hepliaklqana
Beogh

Shops:
D:8 :   D:12 [


Innate Abilities, Weirdness & Mutations

You are resistant to torment.
Your stone body is resilient. (AC +8)
You are immune to poison.
You resist negative energy. (rN+)
You are resistant to electric shocks. (rElec)
You can survive without breathing.
You are immune to petrification.
You are immune to rotting.


Message History

Your iron troll barely misses the meliai zombie.
Your iron troll claws the meliai zombie!! x2
The meliai zombie is destroyed!
Trog accepts your kill.
Your Crossbows skill increases to level 1!
You block the wizard's attack.
Unknown command.
You closely miss the wizard.
The wizard is lightly wounded.
Something barely misses you. The vampire mosquito misses you.
Your iron troll bites the vampire mosquito!!!
The vampire mosquito is destroyed!
Trog accepts your kill.
Unknown command.
You hit the wizard.
The wizard is moderately wounded.
Something hits you but does no damage.
The wizard gestures at you while chanting.
The orb of energy hits you!
You die...

#..........##.
.#
#...........##.
.
#...#####....###
# #...# #....#
#...# #....#
#.5K# ....#
#...# ....#
#.S.# #.T@#
#.p.#####..
#..........
#..........
##.....##+##
#......#
##.....+ #....##
#....#


You could see a wizard, a black mamba shaped shifter, a big kobold, a shadow imp
and a friendly iron troll (berserk).

Vanquished Creatures
  Josephine (D:10)
  2 hydras (D:12)
  5 two-headed ogres
  2 unseen horrors (D:10)
  Pikel (D:4)
  2 ugly things
  The ghost of ceb the Skirmisher, a novice HOFi (D:5)
  Joseph (D:9)
  A komodo dragon (D:8)
  5 centaur skeletons
  A hornet (D:7)
  Prince Ribbit (D:8)
  3 hippogriffs
  A vampire (D:11)
  4 wraiths
  3 hungry ghosts
  A wyvern (D:13)
  2 hogs (D:12)
  12 yaks
  A human (D:12)
  The ghost of SaintRoka the Sneak, an amateur NaEE (D:3)
  Edmund (D:4)
  2 acid dragons
  A water moccasin (D:9)
  4 black bears
  2 phantoms (D:6)
  A slave (D:4)
  6 sky beasts
  2 hornet zombies
  12 orc warriors
  An ice beast (D:10)
  5 ogres
  An eye of draining (D:12)
  5 centaurs
  A crocodile (D:9)
  4 bullfrogs
  Blork the orc (D:5)
  2 scorpions (D:8)
  8 killer bees (D:12)
  8 wights
  2 electric eels (D:5)
  4 howler monkeys
  5 crimson imps
  3 centaur zombies
  7 orc priests
  10 orc wizards
  4 hounds
  A quasit (D:12)
  Crazy Yiuf (D:2)
  2 bullfrog skeletons
  3 jellies
  4 iguanas
  6 worker ants
  2 killer bee zombies
  2 hound skeletons
  2 worker ant zombies (D:6)
  15 adders
  3 gnolls (D:6)
  2 howler monkey skeletons
  3 shadow imps
  2 oozes (D:1)
  4 adder skeletons
  4 worms
  A dart slug (D:2)
  16 leopard geckos
  58 orcs
  2 bats
  5 giant cockroaches
  8 goblins
  10 hobgoblins
  13 jackals
  12 quokkas
  3 ball pythons
  3 frilled lizards
  6 kobolds
  2 leopard gecko skeletons
  A leopard gecko zombie (D:6)
  A quokka skeleton (D:9)
  8 rats
  A plant (D:8)
359 creatures vanquished.

Vanquished Creatures (collateral kills)
  A meliai zombie (D:13)
  A vampire mosquito (D:13)
2 creatures vanquished.

Vanquished Creatures (others)
  A hobgoblin (D:3)
  A bush (D:6)
  2 plants (D:8)
4 creatures vanquished.

Grand Total: 365 creatures vanquished

Notes
Turn   | Place    | Note
-------+----------+-------------------------------------------
     0 | D:1      | theElss the Gargoyle Berserker began the quest for the Orb.
     0 | D:1      | Reached XP level 1. HP: 14/14 MP: 1/1
   302 | D:1      | Reached XP level 2. HP: 19/19 MP: 2/2
   574 | D:1      | Reached XP level 3. HP: 24/24 MP: 3/3
  1478 | D:2      | Reached ** piety under Trog
  1496 | D:2      | Reached XP level 4. HP: 24/29 MP: 4/4
  1606 | D:2      | Reached skill level 1 in Shields
  2179 | D:2      | You fall through a shaft for 2 floors!
  2179 | D:4      | Found a staircase to the Ecumenical Temple.
  2179 | D:4      | Noticed Pikel
  2179 | D:4      | Noticed a slave
  2179 | D:4      | Noticed a slave
  2179 | D:4      | Noticed a slave
  2179 | D:4      | Noticed a slave
  2184 | D:5      | Entered Level 5 of the Dungeon
  2184 | D:5      | Found a transporter.
  2189 | D:5      | Found a transporter.
  2193 | D:5      | Noticed a sky beast
  2205 | D:5      | Killed a sky beast
  2205 | D:5      | Reached skill level 4 in Maces & Flails
  2205 | D:5      | Reached XP level 5. HP: 33/33 MP: 5/5
  2313 | D:5      | Noticed an ogre
  2352 | D:4      | Noticed Edmund
  2353 | D:4      | Found a sand-covered staircase.
  2370 | D:5      | Reached XP level 6. HP: 38/38 MP: 6/6
  2441 | D:5      | Noticed a sky beast
  2455 | D:5      | Killed a sky beast
  2455 | D:5      | Reached skill level 1 in Stealth
  2530 | D:5      | Noticed a sky beast
  2544 | D:5      | Killed a sky beast
  2544 | D:5      | Reached skill level 5 in Maces & Flails
  2544 | D:5      | Reached XP level 7. HP: 31/44 MP: 7/7
  2745 | D:5      | Noticed ceb's ghost (novice HOFi)
  2766 | D:5      | Killed ceb's ghost
  2766 | D:5      | Reached skill level 5 in Shields
  2766 | D:5      | Reached XP level 8. HP: 48/48 MP: 8/8
  2838 | D:4      | Reached skill level 6 in Maces & Flails
  2943 | D:5      | HP: 2/48 [orc priest/divine providence (8)]
  3195 | D:5      | Noticed Blork the orc
  3208 | D:5      | Killed Blork the orc
  3439 | D:4      | Killed Edmund
  3439 | D:4      | Reached skill level 5 in Fighting
  4172 | D:3      | Reached skill level 7 in Maces & Flails
  4178 | D:3      | Noticed SaintRoka's ghost (amateur NaEE)
  4191 | D:4      | Reached *** piety under Trog
  4239 | D:3      | Killed SaintRoka's ghost
  4264 | D:3      | Found a hazy altar of Hepliaklqana.
  4798 | D:2      | Found a runed door.
  4802 | D:2      | Noticed Crazy Yiuf
  4807 | D:2      | Killed Crazy Yiuf
  4910 | D:4      | Killed Pikel
  4910 | D:4      | Reached XP level 9. HP: 54/54 MP: 9/9
  4989 | D:4      | Found a shadowy altar of Dithmenos.
  5051 | D:4      | Reached skill level 8 in Maces & Flails
  6092 | D:7      | Noticed a two-headed ogre
  6102 | D:7      | Killed a two-headed ogre
  6102 | D:7      | Reached skill level 9 in Maces & Flails
  6102 | D:7      | Reached XP level 10. HP: 60/60 MP: 6/10
  6503 | D:7      | Found a blossoming altar of Fedhas.
  6953 | D:8      | Noticed Prince Ribbit
  7117 | D:8      | Reached **** piety under Trog
  7151 | D:8      | Found a staircase to the Lair.
  7170 | D:8      | Killed Prince Ribbit
  7178 | D:8      | Reached skill level 10 in Maces & Flails
  7367 | D:8      | Reached skill level 5 in Armour
  7451 | D:8      | Noticed a two-headed ogre
  7463 | D:8      | Killed a two-headed ogre
  7485 | D:8      | Found Puas's Book Boutique.
  7703 | D:9      | Noticed Joseph
  7716 | D:9      | Killed Joseph
  7716 | D:9      | Reached XP level 11. HP: 66/66 MP: 9/11
  7918 | D:9      | Reached skill level 10 in Shields
  8192 | D:9      | Reached skill level 11 in Maces & Flails
  8282 | D:9      | Reached ***** piety under Trog
  8796 | D:10     | Entered Level 10 of the Dungeon
  8871 | D:10     | Noticed a two-headed ogre
  8884 | D:10     | Killed a two-headed ogre
  9060 | D:10     | Noticed Josephine
  9081 | D:10     | Killed Josephine
  9262 | D:10     | Killed an unseen horror
  9448 | D:10     | Killed an unseen horror
  9448 | D:10     | Reached skill level 12 in Maces & Flails
  9797 | D:11     | Noticed a green ugly thing
  9807 | D:11     | Killed a green ugly thing
  9807 | D:11     | Reached XP level 12. HP: 73/73 MP: 12/12
 10031 | D:11     | Found a staircase to the Orcish Mines.
 10338 | D:12     | Noticed an eight-headed hydra
 10346 | D:12     | Killed an eight-headed hydra
 10396 | D:12     | Noticed a two-headed ogre
 10409 | D:12     | Killed a two-headed ogre
 10469 | D:12     | Reached ****** piety under Trog
 10524 | D:12     | Reached skill level 5 in Dodging
 10551 | D:12     | Noticed a four-headed hydra
 10559 | D:12     | Killed a four-headed hydra
 10563 | D:12     | Found Bemy's Armour Boutique.
 10575 | D:12     | Received a gift from Trog
 10839 | D:12     | Noticed a two-headed ogre
 10846 | D:12     | Killed a two-headed ogre
 11525 | D:12     | Found a roughly hewn altar of Beogh.
 11804 | D:12     | Reached skill level 13 in Maces & Flails
 12128 | D:13     | Reached skill level 1 in Crossbows
 12130 | D:13     | Killed from afar by a wizard

Skill      XL: |  1  2  3  4  5  6  7  8  9 10 11 12 |
---------------+-------------------------------------+-----
Dodging        | 2 3 4 5 |  5.1
Shields        | 2 3 4 5 7 8 9 11 12 | 12.7
Fighting       | 4 5 6 8 |  8.9
Maces & Flails | 4 5 7 9 10 12 13 | 13.0
Stealth        | 1 2 |  2.5
Armour         | 3 5 6 7 |  7.0
Crossbows      | 1 |  1.2

Action                   |  1- 3 |  4- 6 |  7- 9 | 10-12 || total
-------------------------+-------+-------+-------+-------++-------
Melee: Mace              |   121 |    85 |       |       ||   206
       Morningstar       |       |    33 |   314 |   953 ||  1300
       Unarmed           |       |       |    14 |       ||    14
Invok: Berserk           |     2 |     3 |     7 |    10 ||    22
       Trog's Hand       |       |       |     1 |     1 ||     2
       Brothers in Arms  |       |       |       |     1 ||     1
  Use: Scroll            |       |       |     5 |       ||     5
 Stab: Sleeping          |       |     1 |     2 |       ||     3
  Eat: Chunk             |     3 |     5 |    10 |    31 ||    49
       Ration            |       |     1 |     2 |     2 ||     5
Armor: Animal skin       |    41 |    36 |    44 |       ||   121
       Scale mail        |       |       |    60 |   323 ||   383
Dodge: Dodged            |    55 |    29 |   123 |   230 ||   437
Block: Shield            |    47 |    49 |   175 |   554 ||   825
